 Dungeon Crawl Stone Soup version 0.21.1-1-g345015f (webtiles) character file.

19 Iko the Chiller (level 2, 0/15 HPs)
             Began as a Tengu Ice Elementalist on May 5, 2018.
             Was an Initiate of Makhleb.
             Slain by an adder (5 damage)
             ... on level 2 of the Dungeon.
             The game lasted 00:04:58 (372 turns).

Iko the Chiller (Tengu Ice Elementalist)             Turns: 372, Time: 00:04:58

Health: 0/15       AC:  3    Str:  8    XL:     2   Next: 75%
Magic:  6/6        EV: 12    Int: 17    God:    Makhleb [......]
Gold:   44         SH:  0    Dex: 14    Spells: 4/5 levels left

rFire    . . .     SeeInvis .   d - +1 dagger
rCold    . . .     Gourm    .   (no shield)
rNeg     . . .     Faith    .   e - +0 leather armour
rPois    .         Spirit   .   (helmet restricted)
rElec    .         Reflect  .   (no cloak)
rCorr    .         Harm     .   (no gloves)
MR       .....                  (boots unavailable)
Stlth    ++........             (no amulet)
HPRegen  0.05/turn              (no ring)
MPRegen  0.10/turn              (no ring)

@: no status effects
A: beak, talons 3, blurry vision 1, clever 1, mutation resistance 1
a: Renounce Religion


You were on level 2 of the Dungeon.
You worshipped Makhleb.
Makhleb was noncommittal.
You were not hungry.

You visited 1 branch of the dungeon, and saw 2 of its levels.

You collected 44 gold pieces.

Inventory:

Hand Weapons
 d - a +1 dagger (weapon)
Armour
 e - a +0 leather armour (worn)
Books
 b - a book of Frost

   Spells                             Type                      Level
   a - Freeze                         Ice                          1
   b - Throw Frost                    Conjuration/Ice              2
   c - Ozocubu's Armour               Charms/Ice                   3
   d - Throw Icicle                   Conjuration/Ice              4
   e - Summon Ice Beast               Ice/Summoning                4
Comestibles
 c - a ration


   Skills:
 + Level 0.2 Short Blades
 + Level 2.4 Dodging
 + Level 2.0 Stealth
 + Level 2.1 Spellcasting
   Level 1.3 Conjurations
 + Level 3.3 Ice Magic


You had 4 spell levels left.
You knew the following spells:

 Your Spells              Type           Power        Failure   Level  Hunger
a - Freeze                Ice            ##..         7%          1    #......


Dungeon Overview and Level Annotations

Branches:
Dungeon (2/15)

Altars:
Fedhas
Makhleb
Nemelex Xobeh
Sif Muna


Innate Abilities, Weirdness & Mutations

You have a beak for a mouth.
You have claws for feet.
Scrolls take you a little longer to read.
Your mind is acute. (Int +2)
You are somewhat resistant to further mutation.


Message History

You see here a bat corpse.
You see here a bat corpse.
You see here a bat corpse.
You see here a bat corpse.
You see here a bat corpse.
You see here a bat corpse.
You see here a bat corpse.
You see here a bat corpse.
You see here a bat corpse.
You see here a bat corpse.
You see here a bat corpse.
An adder comes into view.
A frilled lizard comes into view.
The adder barely misses you.
You miss the adder. Your kick misses the adder. Your peck misses the adder.
The adder bites you.
You closely miss the adder. Your kick misses the adder. The adder bites you.
The adder bites you but does no damage.
You completely miss the adder. Your kick misses the adder. The adder bites you.
You die...

#######.... ..........
.#.. .....l.........
..............#
..##.#.......).......#
...#.#........>#.....#
.....#.......S.#......
............#.@....#
............#......#
...........##......#..
...................'..
#..†.........#.#
.#.#..(.((......# #
...#.......####.# ..
........#'#...#.#......
#.#.......#...#.#.....#


You could see an adder and a frilled lizard (sleeping).

Vanquished Creatures
  A worm (D:2)
  2 leopard geckos (D:2)
  A bat (D:2)
  A giant cockroach (D:2)
  A goblin (D:2)
  4 kobolds
  2 frilled lizards (D:2)
  2 rats
14 creatures vanquished.

Notes
Turn   | Place    | Note
-------+----------+-------------------------------------------
     0 | D:1      | Iko the Tengu Ice Elementalist began the quest for the Orb.
     0 | D:1      | Reached XP level 1. HP: 10/10 MP: 4/4
    64 | D:2      | Reached skill level 3 in Ice Magic
    65 | D:2      | Reached XP level 2. HP: 13/15 MP: 6/6
    91 | D:2      | Found a blossoming altar of Fedhas.
    91 | D:2      | Found a burning altar of Makhleb.
    92 | D:2      | Found a sparkling altar of Nemelex Xobeh.
    95 | D:2      | Found a deep blue altar of Sif Muna.
   111 | D:2      | Became a worshipper of Makhleb the Destroyer
   147 | D:2      | Gained mutation: Scrolls take you a little longer to read. [potion of mutation]
   147 | D:2      | Gained mutation: You are somewhat resistant to further mutation. [potion of mutation]
   147 | D:2      | Gained mutation: Your mind is acute. (Int +2) [potion of mutation]
   372 | D:2      | Slain by an adder

Skill      XL: |  1 |
---------------+----+-----
Ice Magic      | 3 |  3.3
Short Blades   | |  0.2
Dodging        | |  2.4
Stealth        | |  2.0
Spellcasting   | |  2.1
Conjurations   | |  1.3

Action                   || total
-------------------------++-------
Melee: Dagger            ||    43
       Kick              ||     7
       Peck              ||     5
       Unarmed           ||     1
 Cast: Freeze            ||     5
  Use: Scroll            ||     3
       Potion            ||     1
Armor: Robe              ||     1
       Leather armour    ||     9
Dodge: Dodged            ||    47
